 Dungeon Crawl Stone Soup version 0.27-a0-920-gb2bd10914a (webtiles) character file.

Game seed: 4205060455752709716

387 mhtbhm the Cudgeller (level 6, -3/39 HPs)
             Began as a Gargoyle Berserker on Apr 9, 2021.
             Was a Believer of Trog.
             Slain by a killer bee (5 damage)
             ... on level 3 of the Dungeon.
             The game lasted 00:02:42 (3128 turns).

mhtbhm the Cudgeller (Gargoyle Berserker)           Turns: 3128, Time: 00:02:42

Health: -3/39      AC: 10    Str: 22    XL:     6   Next: 78%
Magic:  6/6        EV: 12    Int:  8    God:    Trog [**....]
Gold:   130        SH:  0    Dex:  9    Spells: 5/5 levels left

rFire    . . .     SeeInvis .   a - +0 mace
rCold    . . .     Faith    .   (no shield)
rNeg     + . .     Spirit   .   b - +0 leather armour
rPois    ∞         Reflect  .   d - +0 helmet
rElec    +         Harm     .   n - +0 cloak
rCorr    .         Rampage  .   (no gloves)
Will     .....                  (no boots)
Stlth    +.........             (no amulet)
HPRegen  0.13/turn              (no ring)
MPRegen  0.10/turn              (no ring)

@: on berserk cooldown, slowed, very slow
A: AC +4, negative energy resistance 1, electricity resistance, torment
resistance 1, unbreathing 1, petrification resistance
a: Renounce Religion, Berserk, Trog's Hand


You were on level 3 of the Dungeon.
You worshipped Trog.
Trog was pleased with you.
You visited 1 branch of the dungeon, and saw 3 of its levels.

You collected 130 gold pieces.

Inventory:

Hand Weapons
 a - a +0 mace (weapon)
Armour
 b - a +0 leather armour (worn)
 d - a +0 helmet (worn)
 n - a +0 cloak (worn)
Jewellery
 j - a +6 ring of dexterity
Scrolls
 e - a scroll of enchant armour {unknown}
 f - a scroll of identify {unknown}
 g - a scroll of blinking {unknown}
 h - a scroll of noise {unknown}
 l - a scroll of magic mapping {unknown}
 m - a scroll of teleportation {unknown}
Potions
 c - a potion of attraction {unknown}
 i - a potion of curing {unknown}
 k - a potion of invisibility {unknown}
 o - a potion of heal wounds {unknown}
 p - a potion of flight {unknown}


   Skills:
 + Level 4.6 Fighting
 + Level 5.3 Maces & Flails
 + Level 3.3 Armour
 + Level 2.9 Dodging
 - Level 0.9 Stealth


You had 5 spell levels left.
You didn't know any spells.
Your spell library was empty.

Dungeon Overview and Level Annotations

Branches:
Dungeon (3/15)

Altars:
Ashenzari


Innate Abilities, Weirdness & Mutations

Your stone body is resilient. (AC +4)
You are immune to poison.
You resist negative energy. (rN+)
You are resistant to electric shocks. (rElec)
You are resistant to unholy torment.
You can survive without breathing.
You are immune to petrification.


Message History

You miss the killer bee.
The killer bee is severely wounded.
The killer bee stings you but does no damage. x3
You hit the killer bee but do no damage.
The killer bee is severely wounded.
The killer bee closely misses you.
The killer bee stings you but does no damage.
The killer bee closely misses you.
You hit the killer bee.
The killer bee is severely wounded.
The killer bee barely misses you. The killer bee misses you.
The killer bee stings you but does no damage.
The killer bee closely misses you.
You sock the killer bee!
You kill the killer bee!
Trog accepts your kill. The killer bee stings you. x2
* * * LOW HITPOINT WARNING * * *
The killer bee closely misses you.
You miss the killer bee. The killer bee closely misses you. x3
You barely miss the killer bee.
The killer bee stings you but does no damage. x2
The killer bee closely misses you. x2
You miss the killer bee. The killer bee misses you. The killer bee stings you!
* * * LOW HITPOINT WARNING * * *
The killer bee stings you but does no damage.
You miss the killer bee. The killer bee stings you.
* * * LOW HITPOINT WARNING * * *
The killer bee barely misses you. The killer bee closely misses you.
You barely miss the killer bee. The killer bee barely misses you.
The killer bee stings you but does no damage. x2
The killer bee stings you.
* * * LOW HITPOINT WARNING * * *
You hit the killer bee but do no damage.
The killer bee barely misses you. x2; The killer bee misses you.
The killer bee barely misses you.
You barely miss the killer bee. The killer bee barely misses you.
The killer bee stings you but does no damage.
The killer bee stings you.
You die...

... ..# ... ... ##.###
#####.### #....#
#.......# .#
#....#.##.###.#.#....
#....#....y.........#
###....####.###y#.#####
#...†..# #y#...
#......# # ###@# ###
##......# #.#...#
.###....# #.#.########
.# #....# #...........
.. #....# ###.########
#.##.)).######.#######
#..##)###............#
##.##.)...##########.##
.............# #..#


You could see 2 killer bees.

Vanquished Creatures
  Sigmund (D:2)
  2 killer bees (D:3)
  Crazy Yiuf (D:2)
  3 gnolls (D:3)
  2 adders (D:2)
  2 worms (D:2)
  4 orcs (D:3)
  4 ball pythons
  5 bats
  5 endoplasms
  2 giant cockroaches (D:1)
  3 goblins
  8 hobgoblins
  9 jackals
  2 quokkas
  A frilled lizard (D:1)
  6 kobolds
  3 rats
63 creatures vanquished.

Vanquished Creatures (others)
  12 plants (D:2)
12 creatures vanquished.

Grand Total: 75 creatures vanquished

Notes
Turn   | Place    | Note
-------+----------+-------------------------------------------
     0 | D:1      | mhtbhm the Gargoyle Berserker began the quest for the Orb.
     0 | D:1      | Reached XP level 1. HP: 14/14 MP: 1/1
   197 | D:1      | Reached XP level 2. HP: 12/19 MP: 2/2
   781 | D:1      | Reached XP level 3. HP: 23/24 MP: 3/3
  1280 | D:2      | Reached ** piety under Trog
  1375 | D:2      | Noticed Sigmund
  1385 | D:2      | Killed Sigmund
  1386 | D:2      | Reached skill level 4 in Maces & Flails
  1386 | D:2      | Reached XP level 4. HP: 4/29 MP: 4/4
  1386 | D:2      | Reached XP level 5. HP: 5/33 MP: 5/5
  1892 | D:2      | Found a broken altar of Ashenzari.
  2120 | D:2      | Reached XP level 6. HP: 39/39 MP: 6/6
  2362 | D:2      | Found a runed translucent door.
  2363 | D:2      | Noticed Crazy Yiuf
  2598 | D:2      | Killed Crazy Yiuf
  2726 | D:3      | Reached skill level 5 in Maces & Flails
  3024 | D:3      | Found a broken altar of Ashenzari.
  3128 | D:3      | Slain by a killer bee

Illustrated notes

Levels and vault maps discovered:
D:1:      dpeg_arrival_round_a, layout_rooms
D:2:      layout_loops_ring, basic_altar, serial_bayou, serial_bayou_pond_b,
          serial_bayou_shore_b, serial_bayou_pond_d, serial_bayou_lake_a,
          uniq_crazy_yiuf_cottage, uniq_sigmund
D:3:      layout_basic, lemuel_tele_altar, serial_shops, shop

Skill      XL: |  1  2  3  4  5  6 |
---------------+-------------------+-----
Fighting       | 4 |  4.6
Maces & Flails | 4 5 |  5.3
Armour         | 3 |  3.3
Dodging        | 2 |  2.9
Stealth        | |  0.9

Action                   |  1- 3 |  4- 6 || total
-------------------------+-------+-------++-------
Melee: Mace              |    84 |   114 ||   198
Invok: Berserk           |     4 |     3 ||     7
Armor: Animal skin       |     7 |       ||     7
       Leather armour    |    51 |    54 ||   105
Dodge: Dodged            |    74 |   111 ||   185

Table legend: (Time is in decaauts)
 A = Elapsed time spent in this place.
 B = Non-inter-level travel time spent in this place.
 C = Inter-level travel time spent in this place.
 D = Time resting spent in this place.
 E = Time spent auto-exploring this place.
 F = Levels seen in this place.
 G = Mean time per level.
                   A        B        C        D        E       F      G
               +--------+--------+--------+--------+--------+-----+--------+
         Total |   3245 |   3166 |     79 |    655 |   1999 |   3 | 1081.7 |
       Dungeon |   3245 |   3166 |     79 |    655 |   1999 |   3 | 1081.7 |
               +--------+--------+--------+--------+--------+-----+--------+

Top non-repeatable levels by time:
     D:2: 1518 daAuts
     D:1: 1252 daAuts
     D:3: 474 daAuts
